 Dungeon Crawl Stone Soup version 0.29-a0-323-g050149af67 (webtiles) character file.

Game seed: 15682819256716084924

33 kae the Gusty (level 3, -4/31 (32) HPs)
             Began as an Ogre Air Elementalist on Apr 10, 2022.
             Slain by a gnoll
             ... wielding a +0 flail of draining
              (10 damage)
             ... on level 2 of the Dungeon.
             The game lasted 00:01:01 (1677 turns).

kae the Gusty (Ogre Air Elementalist)               Turns: 1677, Time: 00:01:01

HP:   -4/31 (32)    AC:  4    Str: 12    XL:     3   Next: 29%
MP:   7/7           EV:  9    Int: 18    God:
Gold: 60            SH:  0    Dex:  9    Spells: 4/7 levels left

rFire   . . .      SeeInvis .   e - +0 short sword
rCold   . . .      Faith    .   (no shield)
rNeg    . . .      Spirit   .   a - +1 robe
rPois   .          Reflect  .   (helmet restricted)
rElec   .          Harm     .   (no cloak)
rCorr   .          Rampage  .   (gloves unavailable)
Will    .....                   (boots unavailable)
Stlth   ++........              (no amulet)
HPRegen 0.10/turn               (no ring)
MPRegen 0.10/turn               (no ring)

@: about to teleport, lightly drained
A: large, unfitting armour, tough skin 1
a: no special abilities


You were on level 2 of the Dungeon.
You visited 1 branch of the dungeon, and saw 2 of its levels.

You collected 60 gold pieces.

Inventory:

Hand Weapons
 e - a +0 short sword (weapon)
Armour
 a - a +1 robe (worn)
Potions
 b - a potion of magic


   Skills:
 - Level 0.7 Fighting
 - Level 1.9 Dodging
 - Level 1.6 Stealth
 + Level 2.8 Spellcasting
 + Level 1.2 Conjurations
 * Level 3.2 Air Magic


You had 4 spell levels left.
You knew the following spells:

 Your Spells              Type           Power      Damage    Failure   Level
a - Shock                 Conj/Air       40%        1d5       7%          1
b - Static Discharge      Conj/Air       10%        N/A       10%         2

Your spell library contained the following spells:

 Spells                   Type           Power      Damage    Failure   Level
 Swiftness                Air            14%        N/A       13%         3
 Sandblast                Erth           4%         2d4       17%         1
 Passwall                 Tmut/Erth      1%         N/A       26%         2
 Stone Arrow              Conj/Erth      8%         3d7       36%         3
 Airstrike                Air            7%         N/A       41%         4


Dungeon Overview and Level Annotations

Branches:
Dungeon (2/15)

Altars:


Innate Abilities, Weirdness & Mutations

You are too large for most types of armour.
You have tough skin. (AC +1)


Message History

No target in view!
Done exploring.
Done exploring.
Done exploring.
(D) Dungeon
Where to? (? - help)
You see here a +0 club.
You see here a +0 club.
There is a stone staircase leading down here.
You climb downwards.
Found a quarterstaff.
There is a stone staircase leading up here.
Okay, then.
As you read the scroll labelled NUUT WOMNUITO, it crumbles to dust.
You feel strangely unstable.
It was a scroll of teleportation.
Unknown command.
As you read the scroll labelled BERROUTHIS, it crumbles to dust.
It is a scroll of enchant armour.
Your +0 robe glows green for a moment.
As you read the scroll labelled VADWUA FOPH, it crumbles to dust.
You feel aware of your surroundings.
It was a scroll of magic mapping.
Unknown command.
You start waiting.
Your surroundings suddenly seem different. 4 gnolls come into view.
A gnoll is wielding a +0 flail of draining.
Found 15 gold pieces and a pair of glowing gloves.
There are monsters nearby!
Okay, then.
As you read the scroll of teleportation, it crumbles to dust.
You feel strangely unstable.
The gnoll shouts! x3
The gnoll hits you from afar with a +0 spear.
The gnoll hits you with a +0 flail of draining!
You feel drained. The gnoll hits you with a +0 whip.
The gnoll hits you with a +0 flail!
* * * LOW HITPOINT WARNING * * *
The gnoll attacks as you move away!
The gnoll hits you with a +0 flail of draining!
You die...

,,,,,,,,,,***
,,,,,,,,,.############
,,,,,,,,,..$.........#
,,,,,,,,,............#
,,,,,,,,,............#
,,,,,*,*,............#
,,,,,*,*,............#
,,,,,+,*,............#
,,,,,***,......g@....#
,,,,,***,....$.g.g...#
,,,,,,,,,.......g....#
**<*,,,,,............#
***,,,,,.[..........#
*****,............#
**#############


You could see 4 gnolls.

Vanquished Creatures
  2 dart slugs (D:1)
  6 bats (D:1)
  3 goblins (D:1)
  A hobgoblin (D:1)
  5 jackals (D:1)
  4 kobolds (D:1)
  A ball python (D:1)
  3 frilled lizards (D:1)
  3 rats (D:1)
28 creatures vanquished.

Notes
Turn   | Place    | Note
-------+----------+-------------------------------------------
     0 | D:1      | kae the Ogre Air Elementalist began the quest for the Orb.
     0 | D:1      | Reached XP level 1. HP: 16/16 MP: 3/3
    26 | D:1      | Reached skill level 1 in Conjurations
    93 | D:1      | Reached XP level 2. HP: 7/26 MP: 0/5
   329 | D:1      | Learned a level 2 spell: Static Discharge
   524 | D:1      | Reached skill level 3 in Air Magic
  1048 | D:1      | Reached XP level 3. HP: 19/32 MP: 0/7
  1264 | D:1      | Found a faded altar of an unknown god.
  1677 | D:2      | Slain by a gnoll

Illustrated notes

Levels and vault maps discovered:
D:1:      matt_arrival_diagonals, layout_basic,
          chequers_ecumenical_altar_island, minmay_bisected
D:2:      layout_basic, uniq_sigmund

Skill      XL: |  1  2 |
---------------+-------+-----
Conjurations   | 1 |  1.2
Air Magic      | 3 |  3.2
Fighting       | |  0.7
Dodging        | |  1.9
Stealth        | |  1.6
Spellcasting   | |  2.8

Action                   || total
-------------------------++-------
Melee: Unarmed           ||    26
       Short sword       ||    21
       Punch             ||     1
 Cast: Shock             ||    46
  Use: Scroll            ||     4
 Stab: Sleeping          ||     1
Armor: Robe              ||    24
Dodge: Dodged            ||    37

Table legend: (Time is in decaauts)
 A = Elapsed time spent in this place.
 B = Non-inter-level travel time spent in this place.
 C = Inter-level travel time spent in this place.
 D = Time resting spent in this place.
 E = Time spent auto-exploring this place.
 F = Levels seen in this place.
 G = Mean time per level.
                   A        B        C        D        E       F      G
               +--------+--------+--------+--------+--------+-----+--------+
         Total |   1679 |   1652 |     27 |    216 |   1249 |   2 |  839.5 |
       Dungeon |   1679 |   1652 |     27 |    216 |   1249 |   2 |  839.5 |
               +--------+--------+--------+--------+--------+-----+--------+

Top non-repeatable levels by time:
     D:1: 1672 daAuts
     D:2: 6 daAuts
